 Dungeon Crawl Stone Soup version 0.22.1-2-g9c5b331 (webtiles) character file.

17483 magicm the Markscentaur (level 12, -7/106 HPs)
             Began as a Centaur Hunter on Nov 12, 2018.
             Was a High Priest of Okawaru.
             Mangled by an Executioner (11 damage)
             ... summoned by Asterion
             ... on level 1 of the Spider Nest.
             The game lasted 00:58:18 (13381 turns).

magicm the Markscentaur (Centaur Hunter)           Turns: 13381, Time: 00:58:20

Health: -7/106     AC: 29    Str: 15    XL:     12   Next: 19%
Magic:  13/13      EV: 12    Int: 12    God:    Okawaru [*****.]
Gold:   660        SH:  0    Dex: 13    Spells: 11/11 levels left

rFire    + + .     SeeInvis .   M - +3 shortbow (flame)
rCold    + . .     Gourm    .   (shield currently unavailable)
rNeg     + . .     Faith    .   I - +1 steam dragon scales
rPois    +         Spirit   .   k - +1 helmet
rElec    .         Reflect  .   n - scarf {rC+ rF+}
rCorr    .         Harm     .   q - +2 pair of gloves
MR       .....                  H - +10 Black Knight's horse barding {ponderous, rPois rN+}
Stlth    +++.......             g - amulet of magic regeneration
HPRegen  0.27/turn              l - ring of fire
MPRegen  0.38/turn              s - ring of protection from cold

@: about to teleport, heroism, drained, quick
A: large, hooves 3, deformed body, speed 2, tough skin 3
a: Heroism, Finesse, Renounce Religion


You were on level 1 of the Spider Nest.
You worshipped Okawaru.
Okawaru was extremely pleased with you.
You were not hungry.

You visited 3 branches of the dungeon, and saw 13 of its levels.

You collected 660 gold pieces.

Inventory:

Hand Weapons
 b - a +0 short sword
 M - a +3 shortbow of flaming (weapon)
Missiles
 d - 216 arrows (quivered)
Armour
 c - a +0 leather armour
 k - a +1 helmet (worn)
 n - a scarf of resistance (worn)
 q - a +2 pair of gloves (worn)
 H - the +10 Black Knight's horse barding (worn) {ponderous, rPois rN+}
   (You found it on level 8 of the Dungeon)

   It protects you from poison.
   It protects you from negative energy.
 I - +1 steam dragon scales (worn)
Jewellery
 g - an amulet of magic regeneration (around neck)
 l - a ring of fire (left hand)
 s - a ring of protection from cold (right hand)
Wands
 a - a wand of digging (28)
 y - a wand of random effects (12)
 D - a wand of iceblast (8)
 G - a wand of disintegration (4)
 K - a wand of flame (27)
 L - a wand of clouds (2)
Scrolls
 h - 5 scrolls of blinking
 i - a scroll of fog
 o - 6 scrolls of teleportation
 v - 3 scrolls of amnesia
 z - 3 scrolls of fear
 B - 4 scrolls of remove curse
Potions
 e - 7 potions of flight
 j - 3 potions of might {unknown}
 m - a potion of invisibility {unknown}
 r - 5 potions of curing
 t - 2 potions of brilliance {unknown}
 u - 2 potions of agility {unknown}
 w - 2 potions of ambrosia {unknown}
 x - 2 potions of magic {unknown}
 A - a potion of haste
 C - 3 potions of cancellation
 E - 3 potions of heal wounds {unknown}
 F - a potion of degeneration {unknown}
 J - a potion of resistance {unknown}
Comestibles
 f - 20 rations


   Skills:
 + Level 10.2(14.8) Fighting
 + Level 0.6(5.3) Short Blades
 + Level 19.2(23.8) Bows
 + Level 3.0(7.7) Armour
 + Level 3.7(8.3) Dodging
 + Level 2.1(6.8) Stealth
 + Level 2.5(2.2) Invocations


You had 11 spell levels left.
You didn't know any spells.
Your spell library contained the following spells:

 Spells                   Type           Power        Failure   Level  Hunger
 Corona                   Hex            #......      32%         1    ##.....
 Freeze                   Ice            #...         32%         1    ##.....
 Slow                     Hex            #.......     45%         2    ###....
 Throw Frost              Conj/Ice       #.....       45%         2    ###....
 Inner Flame              Hex/Fire       #.......     69%         3    ####...
 Ozocubu's Armour         Chrm/Ice       #.......     69%         3    ####...
 Portal Projectile        Hex/Tloc       #.....       69%         3    ####...
 Cause Fear               Hex            #.........   97%         4    #####..
 Leda's Liquefaction      Hex/Erth       #.........   97%         4    #####..
 Summon Ice Beast         Ice/Summ       #.......     97%         4    #####..
 Throw Icicle             Conj/Ice       #.......     97%         4    #####..


Dungeon Overview and Level Annotations

Branches:
Dungeon (10/15)            Temple (0/1) D:7            Lair (2/6) D:10
  Swamp (0/4) Lair:2       Spider (1/4) Lair:2
    Orc: D:9-12

Altars:
Elyvilon
Fedhas
Makhleb
Nemelex Xobeh
Okawaru
Ru
Trog
Uskayaw
Yredelemnul
The Shining One

Shops:
D:6 =

Annotations:
Spider:1 Asterion


Innate Abilities, Weirdness & Mutations

You have hooves in place of feet.
Armour fits poorly on your strangely shaped body.
You cover ground very quickly.
You have extremely tough skin. (AC +3)


Message History

* * * LOW HITPOINT WARNING * * *
Asterion hits you with a vampiric demon blade!
* * * LOW HITPOINT WARNING * * *
Asterion barely misses you. The Executioner gestures at you.
You resist with significant effort. The Executioner hits you.
* * * LOW HITPOINT WARNING * * *
The Executioner hits you.
* * * LOW HITPOINT WARNING * * *
The Executioner hits you but does no damage.
The Executioner hits you but does no damage. x2
The Executioner hits you.
* * * LOW HITPOINT WARNING * * *
The Executioner hits you.
* * * LOW HITPOINT WARNING * * *
The Executioner closely misses you.
The Executioner hits you but does no damage.
The Executioner hits you!
You die...

#.#### ##...#
##..######
#...##..##
##.......#
##...##.# ###
#####.H###
##.## #.1#.#
##...# ##.@.#
##.#.## ###.#
#.##†.# ##.##
.##.### ##.##
.##.#### #.##
###....##
##^###
..#####.#
#.##.########
....#...#
#...#.#.#.#.##
.##.#..##
###.#..^.....#


You could see Asterion and an Executioner.

Vanquished Creatures
  A wolf spider (Spider:1)
  A cyclops (D:10)
  An orb spider (Spider:1)
  Maurice (D:8)
  6 elephants
  Joseph (D:8)
  A spiny frog (Lair:2)
  2 komodo dragons
  2 demonic crawlers (Spider:1)
  4 jumping spiders
  A troll (D:10)
  Prince Ribbit (D:7)
  2 hippogriffs
  2 tarantellas (Spider:1)
  4 yaks (Lair:1)
  8 redbacks
  Grum (D:8)
  2 hungry ghosts
  5 vampire mosquitoes (Lair:2)
  A steam dragon (D:9)
  10 water moccasins
  8 porcupines
  Duvessa (D:5)
  A hornet zombie (D:10)
  3 ice beasts
  6 orc warriors
  A sky beast (D:8)
  2 black bears
  2 phantoms
  4 wolves (D:8)
  5 ogres
  3 centaurs
  A crocodile (D:8)
  A big kobold (D:8)
  6 bullfrogs
  Dowan (D:5)
  3 scorpions
  11 killer bees
  An electric eel (Lair:2)
  3 howler monkeys (D:7)
  3 crimson imps
  2 centaur zombies
  5 hounds
  A jelly (D:5)
  A bullfrog zombie (D:6)
  6 orc priests
  11 orc wizards
  2 bullfrog skeletons
  2 iguanas (D:8)
  5 worker ants
  A hound zombie (D:7)
  2 hound skeletons
  Robin (D:2)
  6 gnolls
  10 adders
  7 shadow imps
  An ooze (D:4)
  An adder zombie (D:8)
  3 worms
  A dart slug (D:1)
  8 leopard geckos
  55 orcs
  7 bats
  A giant cockroach (D:7)
  21 goblins
  21 hobgoblins
  13 jackals
  14 kobolds
  5 quokkas
  7 frilled lizards
  A jackal skeleton (D:5)
  7 rats
351 creatures vanquished.

Vanquished Creatures (others)
  A plant (Lair:1)
1 creature vanquished.

Grand Total: 352 creatures vanquished

Notes
Turn   | Place    | Note
-------+----------+-------------------------------------------
     0 | D:1      | magicm the Centaur Hunter began the quest for the Orb.
     0 | D:1      | Reached XP level 1. HP: 17/17 MP: 1/1
    61 | D:1      | Reached XP level 2. HP: 24/24 MP: 2/2
    66 | D:1      | Reached skill level 6 in Bows
   484 | D:1      | Reached XP level 3. HP: 29/29 MP: 3/3
   988 | D:2      | Reached skill level 7 in Bows
  1121 | D:2      | Reached XP level 4. HP: 36/36 MP: 4/4
  1464 | D:2      | Noticed Robin
  1467 | D:2      | Killed Robin
  1891 | D:2      | Found an iron altar of Okawaru.
  1899 | D:2      | Became a worshipper of Warmaster Okawaru
  2034 | D:3      | Noticed a centaur
  2039 | D:3      | Killed a centaur
  2039 | D:3      | Reached skill level 8 in Bows
  2039 | D:3      | Reached XP level 5. HP: 41/42 MP: 5/5
  2229 | D:3      | Reached XP level 6. HP: 40/51 MP: 6/6
  2320 | D:3      | Found a sacrificial altar of Ru.
  2469 | D:3      | Reached skill level 9 in Bows
  2595 | D:4      | Reached * piety under Okawaru
  2942 | D:4      | Reached XP level 7. HP: 51/58 MP: 7/7
  3021 | D:4      | Reached skill level 1 in Armour
  3437 | D:4      | Reached skill level 10 in Bows
  3546 | D:5      | Entered Level 5 of the Dungeon
  3550 | D:5      | Noticed Duvessa
  3559 | D:5      | Noticed Dowan
  3574 | D:5      | Killed Duvessa
  3584 | D:5      | Killed Dowan
  3765 | D:5      | Reached skill level 11 in Bows
  3805 | D:5      | Found a burning altar of Makhleb.
  4077 | D:5      | Reached ** piety under Okawaru
  4092 | D:5      | Reached XP level 8. HP: 67/67 MP: 8/8
  4126 | D:5      | Found a bloodstained altar of Trog.
  4134 | D:5      | Found a blossoming altar of Fedhas.
  4135 | D:5      | Found a white marble altar of Elyvilon.
  4135 | D:5      | Found a hide-covered altar of Uskayaw.
  4135 | D:5      | Found a glowing golden altar of the Shining One.
  4136 | D:5      | Found a basalt altar of Yredelemnul.
  4390 | D:6      | Found Ranos's Jewellery Boutique.
  4751 | D:6      | Reached skill level 12 in Bows
  4755 | D:6      | Reached skill level 5 in Fighting
  4773 | D:6      | Found a sparkling altar of Nemelex Xobeh.
  5283 | D:7      | Noticed Prince Ribbit
  5301 | D:7      | Killed Prince Ribbit
  5404 | D:7      | Identified a scroll of acquirement
  5592 | D:7      | Reached skill level 13 in Bows
  5596 | D:7      | Reached XP level 9. HP: 68/75 MP: 7/9
  5610 | D:7      | Reached *** piety under Okawaru
  5855 | D:7      | Found a staircase to the Ecumenical Temple.
  6510 | D:8      | Reached skill level 14 in Bows
  6526 | D:8      | Noticed Joseph
  6536 | D:8      | Killed Joseph
  6536 | D:8      | Received a gift from Okawaru
  6536 | D:8      | Reached skill level 1 in Stealth
  6875 | D:8      | Noticed Grum
  6901 | D:8      | Killed Grum
  6901 | D:8      | Reached **** piety under Okawaru
  7194 | D:8      | Reached skill level 15 in Bows
  7194 | D:8      | Reached XP level 10. HP: 72/86 MP: 10/10
  7519 | D:8      | Noticed Maurice
  7529 | D:8      | Killed Maurice
  7677 | D:8      | Found the +10 Black Knight's horse barding {ponderous,
                  | rPois rN+}
  8422 | D:9      | Reached ***** piety under Okawaru
  8609 | D:9      | Received a gift from Okawaru
  8703 | D:9      | Reached skill level 16 in Bows
  8729 | D:10     | Entered Level 10 of the Dungeon
  8944 | D:10     | Reached skill level 1 in Invocations
  9021 | D:10     | Noticed a cyclops
  9024 | D:10     | Killed a cyclops
  9209 | D:10     | Received a gift from Okawaru
  9258 | D:10     | Found a hide-covered altar of Uskayaw.
  9382 | D:10     | Received a gift from Okawaru
  9382 | D:10     | Reached XP level 11. HP: 90/95 MP: 12/12
  9489 | D:10     | Found a staircase to the Lair.
  9725 | Lair:1   | Entered Level 1 of the Lair of Beasts
  9890 | Lair:1   | Reached skill level 17 in Bows
 10117 | Lair:1   | Received a gift from Okawaru
 10817 | Lair:2   | Received a gift from Okawaru
 10817 | Lair:2   | Reached skill level 18 in Bows
 11178 | Lair:2   | Found a hole to the Spider Nest.
 11269 | Lair:2   | Found a staircase to the Swamp.
 11563 | Lair:2   | Received a gift from Okawaru
 11584 | Lair:2   | Got a faintly glowing garnet amulet
 11714 | Lair:2   | Identified the amulet "Cucwogaf" {Gourm rC+} (You found it
                  | on level 2 of the Lair of Beasts)
 11760 | Spider:1 | Entered Level 1 of the Spider Nest
 11949 | Spider:1 | Noticed an orb spider
 11953 | Spider:1 | Killed an orb spider
 11953 | Spider:1 | Reached skill level 10 in Fighting
 11965 | Spider:1 | Reached XP level 12. HP: 93/106 MP: 13/13
 12048 | Spider:1 | Reached skill level 19 in Bows
 12629 | Spider:1 | Noticed Asterion
 12868 | Spider:1 | Noticed a blizzard demon
 13370 | Spider:1 | Noticed an Executioner
 13381 | Spider:1 | HP: 4/106 [Executioner[Asterion] (4)]
 13381 | Spider:1 | Mangled by an Executioner

Skill      XL: |  1  2  3  4  5  6  7  8  9 10 11 12 |
---------------+-------------------------------------+-----
Bows           | 6 7 8 9 11 13 15 16 18 19 | 19.2
Fighting       | 3 4 5 7 8 10 | 10.2
Armour         | 1 2 3 |  3.0
Stealth        | 1 2 |  2.1
Dodging        | 2 3 |  3.7
Invocations    | 1 2 |  2.5
Short Blades   | |  0.6

Action                   |  1- 3 |  4- 6 |  7- 9 | 10-12 || total
-------------------------+-------+-------+-------+-------++-------
Melee: Short sword       |     8 |       |    15 |       ||    23
       Kick              |     2 |       |     2 |       ||     4
 Fire: Shortbow          |   114 |   183 |   242 |   119 ||   658
       Longbow           |       |       |   140 |   423 ||   563
Invok: Heroism           |       |       |     6 |     9 ||    15
Evoke: Wand              |       |       |       |     5 ||     5
  Use: Scroll            |     3 |    10 |     6 |    10 ||    29
  Eat: Ration            |       |     1 |     4 |     4 ||     9
Armor: Leather armour    |    21 |    27 |    56 |    20 ||   124
       Steam dragon scal |       |       |       |   170 ||   170
Dodge: Dodged            |    25 |    28 |    76 |   145 ||   274
